 Dungeon Crawl Stone Soup version 0.32-a0-468-g38b2580584 (webtiles) character file.

Game seed: 1499820327271806321

173 Balder the Cudgeller (level 5, -1/53 HPs)
             Began as an Oni Gladiator on Feb 25, 2024.
             Slain by an ogre
             ... wielding a +0 giant club
              (28 damage)
             ... on level 4 of the Dungeon.
             The game lasted 00:13:27 (3168 turns).

Balder the Cudgeller (Oni Gladiator)                Turns: 3168, Time: 00:13:28

Health: -1/53      AC:  3    Str: 20    XL:     5   Next: 53%
Magic:  5/5        EV: 10    Int:  9    God:
Gold:   319        SH:  5    Dex: 10    Spells: 4/4 levels left

rFire   . . .        b - +4 spear
rCold   . . .        (no shield)
rNeg    . . .        o - +0 robe
rPois   +            c - +0 hat
rElec   .            (no cloak)
rCorr   .            (gloves unavailable)
SInv    .            (boots unavailable)
Will    .....        p - amulet of reflection
Stlth   +            j - ring of poison resistance
HPRegen 0.28/turn    (no ring)
MPRegen 0.09/turn

%: reflection
@: no status effects
A: large, unfitting armour, horns 1, tough skin 1, double potion healing,
drunken brawling
a: no special abilities


You were on level 4 of the Dungeon.
You visited 1 branch of the dungeon, and saw 4 of its levels.

You collected 319 gold pieces.

Inventory:

Hand Weapons
 a - a +0 flail
 b - a +4 spear (weapon)
Missiles
 d - 2 throwing nets (quivered)
Armour
 c - a +0 hat (worn)
 o - a +0 robe (worn)
Jewellery
 j - a ring of poison resistance (left hand)
 p - an amulet of reflection (around neck)
Talismans
 k - a serpent talisman
Scrolls
 e - 2 scrolls of enchant armour {unknown}
 f - 2 scrolls of fear {unknown}
 g - 2 scrolls of identify
 h - a scroll of revelation {unknown}
 i - a scroll of poison {unknown}
 l - 2 scrolls of fog {unknown}
 m - a scroll of brand weapon {unknown}
 n - 2 scrolls of amnesia {unknown}
 r - a scroll of teleportation {unknown}
 s - a scroll of summoning {unknown}
Potions
 q - a potion of invisibility {unknown}


   Skills:
 * Level 3.4 Fighting
 * Level 3.9 Maces & Flails
 * Level 1.0 Polearms
 * Level 2.8 Throwing
 * Level 0.6 Armour
 * Level 3.5 Dodging
 * Level 1.3 Stealth


You had 4 spell levels left.
You didn't know any spells.
Your spell library was empty.

Dungeon Overview and Level Annotations

Branches:
Dungeon (4/15)
 Temple: D:4-7

Altars:
Cheibriados

Shops:
D:1 [


Innate Abilities, Weirdness & Mutations

You are too large for most types of armour.
You have a pair of small horns on your head.
You have tough skin. (AC +1)
You gain doubled healing and magic from potions.
Whenever you drink a healing potion, you attack all around you.


Message History

There is a stone staircase leading up here.
A hobgoblin comes into view.
The helpless hobgoblin fails to defend itself.
You hit the hobgoblin.
You kill the hobgoblin!
You see here a hobgoblin corpse.
An endoplasm comes into view.
The endoplasm quivers.
You puncture the endoplasm!
You kill the endoplasm!
An iguana comes into view.
The iguana hisses angrily.
An ogre comes into view. It is wielding a +0 giant club.
The ogre shouts!
You block the iguana's attack.
Things that are here:
a +0 club; a stone You hit the iguana.
You headbutt the iguana.
The iguana is lightly wounded.
The iguana bites you!
You closely miss the iguana.
The iguana is lightly wounded.
The iguana barely misses you.
You hit the iguana.
The iguana is heavily wounded.
The iguana bites you.
You puncture the iguana!
You headbutt the iguana, but do no damage.
The iguana is almost dead.
The iguana bites you! The iguana bites you.
You hit the iguana.
You kill the iguana!
Your Polearms skill increases to level 1!
You barely miss the ogre. You block the ogre's attack.
You barely miss the ogre. Your headbutt misses the ogre.
The ogre attacks as it pursues you! The ogre closely misses you.
You hit the ogre but do no damage.
The ogre hits you with a +0 giant club!!
Ouch! That really hurt!
You die...

...###..###...#
...#........ .#.# ..
#..#. ..... .#.##.
#.... #..# .... #.#
#... #..# ... #.# #..#
##..## #.# #.#
#..####....####.# #.#
#...##..##..##..#####.#
#.............)O@...#.#
#.#.#..#.#####..###.#.#
#.#.##.#.# #.........##
..#.##.#.# #..<.......#
###.##.#.# #.#.###.##.#
#.##.#.####.#.# #.##.#
#.##....†...#.# #.##.#
#.####......#.# #.##.#
###. ########.#
#.##.##########


You could see an ogre.

Vanquished Creatures
  An orc priest (D:4)
  2 iguanas (D:4)
  2 adders
  2 ufetubi (D:4)
  A ribbon worm (D:2)
  4 orcs (D:4)
  4 ball pythons
  5 bats
  4 endoplasms
  2 giant cockroaches (D:1)
  8 goblins
  3 hobgoblins
  3 jackals (D:1)
  5 quokkas
  2 frilled lizards (D:1)
  2 kobolds
  7 rats
57 creatures vanquished.

Notes
Turn   | Place    | Note
-------+----------+-------------------------------------------
     0 | D:1      | Balder the Oni Gladiator began the quest for the Orb.
     0 | D:1      | Reached XP level 1. HP: 22/22 MP: 1/1
   199 | D:1      | Reached XP level 2. HP: 27/29 MP: 2/2
   378 | D:1      | Found Byrenih's Armour Shoppe.
   638 | D:1      | Reached XP level 3. HP: 36/36 MP: 3/3
  1721 | D:3      | Reached XP level 4. HP: 44/44 MP: 4/4
  2144 | D:3      | Found a snail-covered altar of Cheibriados.
  2992 | D:4      | Reached skill level 1 in Stealth
  2992 | D:4      | Reached XP level 5. HP: 23/53 MP: 5/5
  3158 | D:4      | Noticed an ogre
  3164 | D:4      | Reached skill level 1 in Polearms
  3168 | D:4      | Slain by an ogre

Illustrated notes

Levels and vault maps discovered:
D:1:      dpeg_arrival_ratfight, layout_basic, serial_shops, shop
D:2:      layout_loops_ring, kennysheep_generic_room_6
D:3:      layout_loops_corners, lemuel_coloured_pillars_altar,
          lemuel_flame_loot_1
D:4:      layout_loops_ring, palyth_stone_intersect, uniq_ijyb

Skill      XL: |  1  2  3  4  5 |
---------------+----------------+-----
Dodging        | 3 |  3.5
Fighting       | 3 |  3.4
Stealth        | 1 |  1.3
Polearms       | 1 |  1.0
Maces & Flails | |  3.9
Throwing       | |  2.8
Armour         | |  0.6

Action                     |  1- 3 |  4- 6 || total
---------------------------+-------+-------++-------
  Melee: Flail             |   105 |     1 ||   106
         Headbutt          |    12 |     6 ||    18
         Spear             |       |    51 ||    51
  Throw: Throwing net      |       |     2 ||     2
    Use: Potion            |     2 |     2 ||     4
         Scroll            |       |     1 ||     1
   Stab: Held in net/web   |       |     1 ||     1
         Sleeping          |       |     1 ||     1
 Armour: Robe              |    70 |    29 ||    99
  Dodge: Dodged            |    58 |    17 ||    75
  Block: Other             |       |    12 ||    12

Table legend: (Time is in decaauts)
 A = Elapsed time spent in this place.
 B = Non-inter-level travel time spent in this place.
 C = Inter-level travel time spent in this place.
 D = Time resting spent in this place.
 E = Time spent auto-exploring this place.
 F = Levels seen in this place.
 G = Mean time per level.
                   A        B        C        D        E       F      G
               +--------+--------+--------+--------+--------+-----+--------+
         Total |   3194 |   3077 |    117 |      0 |   2153 |   4 |  798.5 |
       Dungeon |   3194 |   3077 |    117 |      0 |   2153 |   4 |  798.5 |
               +--------+--------+--------+--------+--------+-----+--------+

Top non-repeatable levels by time:
     D:3: 1058 daAuts
     D:1: 1004 daAuts
     D:2: 669 daAuts
     D:4: 461 daAuts
